[Event "Titled Tuesday Blitz November 07 Early 2023"]
[White "Yaran, Siar"]
[Black "Schut, Han"]
[WhiteFideId "6323006"]
[BlackFideId "1005561"]
[WhiteElo "2672"]
[BlackElo "2289"]
[Result "0-1"]
[Round "4"]
[TimeControl "180+1"]
[Date "2023.11.07"]
[WhiteClock "0:01:59"]
[BlackClock "0:02:06"]
[Board "210"]

1. e4 c5 2. Nf3 d6 3. d4 cxd4 4. Nxd4 Nf6 5. Nc3 a6 6. Bg5 e6 7. f4 Be7 8. Qf3 h6 9. Bh4 g5 10. fxg5 Nfd7 11. Nxe6 fxe6 12. Qh5+ Kf8 13. Bb5 Kg7 14. O-O Ne5 15. Bg3 Ng6 16. gxh6+ Rxh6 17. Rf7+ Kxf7 18. Qxh6 axb5 19. Rf1+ Ke8 20. Qxg6+ Kd7 21. Rf7 b4 22. Bh4 bxc3 23. Bxe7 Qb6+ 24. Kf1 cxb2 25. Bd8+ Kc6 0-1


[Site "https://www.chess.com"]

[Event "Titled Tuesday Blitz November 07 Early 2023"]
[White "Martin, Lewis"]
[Black "Piesik, Piotr"]
[WhiteFideId "410551"]
[BlackFideId "1136194"]
[WhiteElo "2280"]
[BlackElo "2661"]
[Result "0-1"]
[Round "4"]
[TimeControl "180+1"]
[Date "2023.11.07"]
[WhiteClock "0:01:07"]
[BlackClock "0:01:58"]
[Board "211"]

1. c4 g6 2. g3 Bg7 3. Bg2 Nc6 4. Nc3 d6 5. Nf3 e5 6. d3 f5 7. O-O Nf6 8. Bd2 O-O 9. Ne1 Be6 10. b4 d5 11. b5 Ne7 12. c5 d4 13. Na4 e4 14. Bg5 e3 15. Bxf6 Bxf6 16. f4 Bd5 17. Bxd5+ Qxd5 18. Qb3 a6 19. bxa6 Rxa6 20. Nf3 Rfa8 21. Qxd5+ Nxd5 22. Nb2 Rxa2 23. Rxa2 Rxa2 24. Nc4 Nc3 25. Nce5 Nxe2+ 26. Kh1 Bxe5 27. fxe5 Kf7 28. Re1 Ke7 29. Kg2 Nf4+ 30. Kf1 Rf2+ 31. Kg1 Nh3+ 32. Kh1 Rxf3 33. Kg2 Ng5 34. h4 Rf2+ 35. Kh1 Nf3 0-1


[Site "https://www.chess.com"]

[Event "Titled Tuesday Blitz November 07 Early 2023"]
[White "Mendez Fortes, Eduardo Jesus"]
[Black "Smietanska, Wiktoria"]
[WhiteFideId "3502376"]
[BlackFideId "21869359"]
[WhiteElo "2646"]
[BlackElo "2266"]
[Result "1-0"]
[Round "4"]
[TimeControl "180+1"]
[Date "2023.11.07"]
[WhiteClock "0:00:34"]
[BlackClock "0:00:01"]
[Board "212"]

1. a4 e5 2. g3 d5 3. Bg2 Nc6 4. e3 g6 5. Ne2 Bg7 6. c3 Nge7 7. d4 e4 8. h3 O-O 9. Nd2 Be6 10. b3 f5 11. Ba3 Qd7 12. h4 h6 13. Qc2 g5 14. hxg5 hxg5 15. Bh3 Rf6 16. O-O-O a6 17. Kb2 b5 18. axb5 axb5 19. Bc5 Rff8 20. b4 Ra4 21. Nb3 Rfa8 22. Ra1 Qc8 23. Bxe7 Nxe7 24. Rxa4 bxa4 25. Nc5 Bd7 26. Bf1 Bb5 27. Nc1 Bxf1 28. Rxf1 Qb8 29. Qe2 Nc6 30. Ka1 a3 31. Rh1 g4 32. Qa2 Ne7 33. Qb3 Qb5 34. Ka2 c6 35. Qc2 Nc8 36. Ne2 Qc4+ 37. Nb3 Nb6 38. Nf4 Na4 39. Rc1 Kf7 40. Ka1 Ra7 41. Na5 Qb5 42. Ka2 Ra6 43. Qb3 Ra7 44. c4 dxc4 45. Rxc4 Kf8 46. Rxc6 Rxa5 47. Rc8+ Ke7 48. Qe6# 1-0


[Site "https://www.chess.com"]

[Event "Titled Tuesday Blitz November 07 Early 2023"]
[White "LionKing2367890"]
[Black "Womacka, Mathias"]
[BlackFideId "4611390"]
[WhiteElo "2254"]
[BlackElo "2540"]
[Result "0-1"]
[Round "4"]
[TimeControl "180+1"]
[Date "2023.11.07"]
[WhiteClock "0:01:42"]
[BlackClock "0:02:07"]
[Board "213"]

1. e4 c5 2. Nf3 d6 3. d4 cxd4 4. Nxd4 Nf6 5. f3 a6 6. c4 e6 7. Nc3 Be7 8. Be3 O-O 9. Be2 Nbd7 10. O-O d5 11. cxd5 exd5 12. exd5 Nb6 13. Nb3 Nbxd5 14. Nxd5 Nxd5 15. Bf2 Bf6 16. Qd2 Bg5 17. Qd4 Nf4 18. Bc4 Be6 19. Bxe6 Ne2+ 0-1


[Site "https://www.chess.com"]

[Event "Titled Tuesday Blitz November 07 Early 2023"]
[White "Kuchava, Ana"]
[Black "Seletsky, Grigory"]
[WhiteFideId "13605348"]
[BlackFideId "14112191"]
[WhiteElo "2253"]
[BlackElo "2505"]
[Result "0-1"]
[Round "4"]
[TimeControl "180+1"]
[Date "2023.11.07"]
[WhiteClock "0:00:00"]
[BlackClock "0:00:18"]
[Board "214"]

1. d4 d6 2. Nf3 Nf6 3. c4 g6 4. Nc3 Bg7 5. e4 Bg4 6. Be2 Nfd7 7. h3 Bxf3 8. Bxf3 Nc6 9. d5 Nce5 10. Be2 Nb6 11. Qb3 O-O 12. O-O a5 13. Be3 a4 14. Qb4 a3 15. bxa3 Ned7 16. Rab1 Nc5 17. Bf3 Nba4 18. Nxa4 Rxa4 19. Qb5 Rxa3 20. Bxc5 dxc5 21. Qxc5 Rxa2 22. Rxb7 Be5 23. Bg4 Qd6 24. Qxd6 Bxd6 25. f4 f5 26. exf5 gxf5 27. Bf3 Kf7 28. Bh5+ Kf6 29. Kh1 Rg8 30. Bf3 Bxf4 31. c5 Kg5 32. d6 cxd6 33. Bd5 Rga8 34. Bxa2 Rxa2 35. Rxe7 dxc5 36. Rxh7 Be3 37. Rg7+ Kf6 38. Rg8 f4 39. Rc8 Ke5 40. h4 Ke4 41. h5 Ra6 42. Re8+ Kd3 43. Rd1+ Ke2 44. Rd5 Kf2 45. Rg5 f3 46. gxf3 Bxg5 47. Rc8 Be3 0-1


[Site "https://www.chess.com"]

[Event "Titled Tuesday Blitz November 07 Early 2023"]
[White "Bolivar Losada, Jeison"]
[Black "Buchenau, Frank"]
[WhiteFideId "4404793"]
[BlackFideId "4604350"]
[WhiteElo "2250"]
[BlackElo "2480"]
[Result "0-1"]
[Round "4"]
[TimeControl "180+1"]
[Date "2023.11.07"]
[WhiteClock "0:00:00"]
[BlackClock "0:00:11"]
[Board "215"]

1. e4 e6 2. d4 d5 3. e5 c5 4. c3 Qb6 5. Nf3 Bd7 6. a3 Bb5 7. Bd3 Bxd3 8. Qxd3 Qa6 9. Qxa6 Nxa6 10. b4 cxd4 11. cxd4 Rc8 12. Kd2 Nc7 13. Nc3 Na8 14. Kd3 Ne7 15. Bb2 Nb6 16. Nd2 Nc4 17. Nxc4 Rxc4 18. Nb5 Nc8 19. Rac1 a6 20. Nc3 Be7 21. Nd1 Nb6 22. Ne3 Rxc1 23. Rxc1 Kd7 24. f4 f6 25. Kc2 Rf8 26. g3 fxe5 27. dxe5 g5 28. Rf1 gxf4 29. Rxf4 Rc8+ 30. Kd3 Bg5 31. Rf7+ Ke8 32. Rxh7 Bxe3 33. Rh8+ Kd7 0-1


[Site "https://www.chess.com"]

[Event "Titled Tuesday Blitz November 07 Early 2023"]
[White "Dinu, Dumitru-Daniel"]
[Black "parintele_chess"]
[WhiteFideId "1208403"]
[WhiteElo "2467"]
[BlackElo "2232"]
[Result "1-0"]
[Round "4"]
[TimeControl "180+1"]
[Date "2023.11.07"]
[WhiteClock "0:00:33"]
[BlackClock "0:00:00"]
[Board "216"]

1. e4 e5 2. Nf3 Nc6 3. Bb5 a6 4. Ba4 Nf6 5. d3 b5 6. Bb3 Bc5 7. O-O h6 8. c3 d6 9. d4 Bb6 10. dxe5 Nxe5 11. Nxe5 dxe5 12. Qxd8+ Kxd8 13. Bxf7 Nxe4 14. Bd5 Nxf2 15. Bxa8 Rf8 16. Bf3 e4 17. Rxf2 exf3 18. Bd2 fxg2 19. Be1 Bb7 20. Nd2 h5 21. Rd1 Kc8 22. Nb3 Be3 23. Rd3 Bxf2+ 24. Bxf2 Re8 25. Nc5 Bc6 26. Rd2 g5 27. Nxa6 h4 28. h3 g4 29. hxg4 h3 30. Kh2 Rh8 31. Nb4 Bd7 32. Nd5 Bxg4 33. Ne3 Be6 34. b3 Rf8 35. Kg1 Rf3 36. c4 bxc4 37. bxc4 c5 38. a4 Kb7 39. a5 Ka6 40. Rd6+ Kxa5 41. Rxe6 Kb4 42. Rh6 Kc3 43. Ng4 Kxc4 44. Ne5+ Kb3 45. Nxf3 c4 46. Nd2+ Kc3 47. Nxc4 Kxc4 48. Rxh3 1-0


[Site "https://www.chess.com"]

[Event "Titled Tuesday Blitz November 07 Early 2023"]
[White "Cesar Maestre, Bernardo"]
[Black "Kiseljova, Marya"]
[WhiteFideId "24542547"]
[BlackFideId "4155009"]
[WhiteElo "2404"]
[BlackElo "2225"]
[Result "1-0"]
[Round "4"]
[TimeControl "180+1"]
[Date "2023.11.07"]
[WhiteClock "0:00:51"]
[BlackClock "0:01:10"]
[Board "218"]

1. e4 c5 2. Nf3 Nc6 3. d4 cxd4 4. Nxd4 g6 5. c4 Bg7 6. Be3 d6 7. Nc3 Nf6 8. Be2 O-O 9. O-O Bd7 10. h3 Nxd4 11. Bxd4 Bc6 12. Qc2 a5 13. Rad1 Nd7 14. Bxg7 Kxg7 15. Bg4 Nc5 16. e5 Qb6 17. exd6 exd6 18. Rxd6 h5 19. Nd5 Qa7 20. Qc3+ Kh6 21. Qe3+ Kg7 22. Qe5+ f6 23. Nxf6 hxg4 24. Ne8+ Kh6 25. Qg7+ Kg5 26. Qxg6+ Kf4 27. Qxg4+ Ke5 28. Qd4+ Kf5 29. Ng7+ Kg5 30. Qg4# 1-0


[Site "https://www.chess.com"]

[Event "Titled Tuesday Blitz November 07 Early 2023"]
[White "Marcziter, Dmitrii"]
[Black "Hartikainen, Jarmo"]
[WhiteFideId "13900765"]
[BlackFideId "503134"]
[WhiteElo "2389"]
[BlackElo "2185"]
[Result "1-0"]
[Round "4"]
[TimeControl "180+1"]
[Date "2023.11.07"]
[WhiteClock "0:00:20"]
[BlackClock "0:00:00"]
[Board "219"]

1. d4 d5 2. c4 c5 3. e3 cxd4 4. exd4 Nf6 5. Nc3 Nc6 6. Bg5 e6 7. Nf3 Be7 8. Bd3 dxc4 9. Bxc4 O-O 10. a3 b6 11. O-O Bb7 12. Qd3 Rc8 13. Rad1 Qc7 14. Ba2 Rcd8 15. Qe2 a6 16. Rfe1 Rfe8 17. h3 b5 18. Bxf6 Bxf6 19. d5 Na5 20. dxe6 fxe6 21. Bxe6+ Kh8 22. Rxd8 Qxd8 23. Ne5 Bxe5 24. Qxe5 Qe7 25. Nd5 Bxd5 26. Qxd5 Nc4 27. Re2 Nxb2 28. Bg4 Qd8 29. Qxd8 Rxd8 30. Rxb2 Rd3 31. Ra2 g6 32. Bc8 Rd6 33. a4 b4 34. a5 Rd5 35. Bxa6 b3 36. Rb2 Rxa5 37. Bc4 Ra1+ 38. Kh2 Kg7 39. Bxb3 Kf6 40. f3 Ke5 41. Kg3 Kd4 42. Re2 Kd3 43. Re7 Rb1 44. Bg8 h6 45. Bh7 1-0


[Site "https://www.chess.com"]

[Event "Titled Tuesday Blitz November 07 Early 2023"]
[White "Smirnov, Timofey"]
[Black "La Villa Rivas, Marlon Javier"]
[WhiteFideId "24176427"]
[BlackFideId "3519546"]
[WhiteElo "2166"]
[BlackElo "2388"]
[Result "0-1"]
[Round "4"]
[TimeControl "180+1"]
[Date "2023.11.07"]
[WhiteClock "0:00:48"]
[BlackClock "0:02:06"]
[Board "220"]

1. d4 Nf6 2. Bf4 d5 3. e3 c5 4. c3 Nc6 5. Nd2 Bg4 6. Qb3 Qc8 7. h3 Bd7 8. Ngf3 e6 9. Ne5 Nxe5 10. Bxe5 Be7 11. Nf3 O-O 12. Be2 Ne4 13. O-O c4 14. Qc2 b5 15. b3 cxb3 16. Qxb3 Qxc3 17. Bxb5 Qxb3 18. axb3 Bxb5 19. Rfc1 a5 20. Bc7 a4 21. bxa4 Rxa4 22. Ne5 Rfa8 23. Rxa4 Rxa4 24. Bd6 Bxd6 0-1


[Site "https://www.chess.com"]

[Event "Titled Tuesday Blitz November 07 Early 2023"]
[White "Becerra, Juan David"]
[Black "kingapolak"]
[WhiteFideId "4404998"]
[WhiteElo "2370"]
[BlackElo "2164"]
[Result "1/2-1/2"]
[Round "4"]
[TimeControl "180+1"]
[Date "2023.11.07"]
[WhiteClock "0:00:04"]
[BlackClock "0:00:01"]
[Board "221"]

1. d4 Nf6 2. Nc3 d5 3. Bf4 c6 4. Nf3 g6 5. e3 Bg7 6. Bd3 O-O 7. O-O Bg4 8. h3 Bxf3 9. Qxf3 Nbd7 10. Rad1 Re8 11. e4 dxe4 12. Nxe4 Nxe4 13. Bxe4 Qb6 14. c3 e5 15. dxe5 Nxe5 16. Bxe5 Bxe5 17. Rd7 Rf8 18. Bc2 Rad8 19. Rfd1 Rxd7 20. Rxd7 Qxb2 21. Bb3 Qc1+ 22. Rd1 Qxc3 23. Qe4 Kg7 24. g3 Bxg3 25. fxg3 Qxg3+ 26. Qg2 Qe3+ 27. Kh1 Re8 28. Qb2+ Re5 29. Qg2 Rg5 30. Qf1 Rf5 31. Qg2 Rf3 32. Qb2+ Kh6 33. Qd2 Rxh3+ 34. Kg2 Rg3+ 35. Kh2 Rh3+ 36. Kg2 Rg3+ 37. Kh1 Rh3+ 38. Kg2 1/2-1/2


[Site "https://www.chess.com"]

[Event "Titled Tuesday Blitz November 07 Early 2023"]
[White "EvgenyBurmakin"]
[Black "vaniavindy"]
[WhiteElo "2367"]
[BlackElo "2162"]
[Result "1-0"]
[Round "4"]
[TimeControl "180+1"]
[Date "2023.11.07"]
[WhiteClock "0:00:11"]
[BlackClock "0:00:00"]
[Board "222"]

1. e4 c6 2. Nc3 d5 3. Nf3 Bg4 4. d4 dxe4 5. Nxe4 e6 6. Bd3 Bxf3 7. Qxf3 Qxd4 8. c3 Qb6 9. O-O Nd7 10. Bf4 Ngf6 11. Nd6+ Bxd6 12. Bxd6 c5 13. Bg3 O-O 14. a4 Kh8 15. Qe2 Rac8 16. a5 Qd8 17. a6 bxa6 18. Rxa6 Nb6 19. Rxa7 c4 20. Bc2 Nbd5 21. Be5 Qb6 22. Bd4 Qc6 23. g4 Nf4 24. f3 Nxe2+ 25. Kf2 Nxd4 26. cxd4 Qb6 27. Ra2 Qxd4+ 28. Kg3 c3 29. bxc3 Rxc3 30. g5 Nh5+ 31. Kg2 Nf4+ 32. Kg3 Qd2 33. Rf2 Qe1 34. Be4 Qg1+ 35. Kxf4 e5+ 36. Kxe5 Qxg5+ 37. Kd4 Qe3+ 38. Ke5 Re8+ 39. Kf5 g6+ 40. Kg4 h5+ 41. Kg3 Kg7 42. Rfe2 h4+ 43. Kg4 Qd4 44. Kxh4 1-0


[Site "https://www.chess.com"]

[Event "Titled Tuesday Blitz November 07 Early 2023"]
[White "Vila Dupla, Aurelio"]
[Black "Spichkin, Alexander"]
[WhiteFideId "2203383"]
[BlackFideId "4144074"]
[WhiteElo "2161"]
[BlackElo "2355"]
[Result "0-1"]
[Round "4"]
[TimeControl "180+1"]
[Date "2023.11.07"]
[WhiteClock "0:00:00"]
[BlackClock "0:00:17"]
[Board "223"]

1. Nf3 f5 2. c4 Nf6 3. g3 d6 4. d4 e6 5. Bg2 Be7 6. O-O O-O 7. Nc3 a5 8. Re1 Ne4 9. Bd2 Qe8 10. Qc2 Nxc3 11. Bxc3 Qh5 12. e4 f4 13. e5 d5 14. Rf1 g5 15. h3 g4 16. hxg4 Qxg4 17. Nh2 Qg7 18. g4 c6 19. Qd2 f3 20. Nxf3 Qxg4 21. Qe3 dxc4 22. Nh2 Qg7 23. f4 Na6 24. Kh1 Nb4 25. Bxb4 axb4 26. Rg1 Kh8 27. Bxc6 Qh6 28. Qg3 bxc6 29. Raf1 Bb7 30. Rf3 c5 31. Rf1 Rxf4 32. Kg1 Rxf3 33. Rxf3 Rg8 0-1


[Site "https://www.chess.com"]

[Event "Titled Tuesday Blitz November 07 Early 2023"]
[White "Petersson, Kjell"]
[Black "Fajdetic, Hrvoje"]
[WhiteFideId "1705148"]
[BlackFideId "14501945"]
[WhiteElo "2144"]
[BlackElo "2345"]
[Result "0-1"]
[Round "4"]
[TimeControl "180+1"]
[Date "2023.11.07"]
[WhiteClock "0:00:00"]
[BlackClock "0:00:06"]
[Board "224"]

1. d4 e6 2. Bf4 f5 3. e3 Nf6 4. Nf3 Be7 5. Bd3 O-O 6. c4 b6 7. Nc3 Bb7 8. O-O Ne4 9. h3 d6 10. Nd2 Nxd2 11. Qxd2 Bf6 12. Bg3 g6 13. Qc2 Nc6 14. a3 e5 15. d5 Ne7 16. b4 e4 17. Be2 h5 18. Rab1 h4 19. Bh2 Qe8 20. Rfd1 Qf7 21. Qd2 Qg7 22. Nb5 Rfc8 23. Nd4 Bxd4 24. exd4 g5 25. Rb3 Qf6 26. f4 g4 27. hxg4 fxg4 28. Bxg4 Nf5 29. Qe2 Re8 30. Rh3 Nh6 31. Kh1 Kh7 32. Bh5 Rg8 33. Qf2 Rg7 34. Qxh4 Qxh4 35. Rxh4 Rag8 36. g3 b5 37. cxb5 Bxd5 38. Kg1 Rxg3+ 39. Bxg3 Rxg3+ 40. Kf2 Rxa3 41. Be2 e3+ 0-1


[Site "https://www.chess.com"]

[Event "Titled Tuesday Blitz November 07 Early 2023"]
[White "Iunusovnuriddin"]
[Black "Latreche, Khadidja"]
[BlackFideId "7901780"]
[WhiteElo "2336"]
[BlackElo "2130"]
[Result "1-0"]
[Round "4"]
[TimeControl "180+1"]
[Date "2023.11.07"]
[WhiteClock "0:00:10"]
[BlackClock "0:00:00"]
[Board "225"]

1. e4 c5 2. c3 Nf6 3. e5 Nd5 4. d4 cxd4 5. Qxd4 e6 6. Nf3 Nc6 7. Qe4 d6 8. Bb5 Bd7 9. c4 Nc7 10. Bg5 Be7 11. exd6 Nxb5 12. dxe7 Qa5+ 13. Bd2 Nd6 14. Qd3 Qc5 15. Be3 Nb4 16. Qd2 Qxc4 17. Na3 Nd3+ 18. Kf1 Qa6 19. Kg1 Ne4 20. Qe2 Rc8 21. Rd1 Ndc5 22. Qxa6 Nxa6 23. Ne5 Bc6 24. f3 Nec5 25. b4 Na4 26. b5 Bd5 27. bxa6 bxa6 28. Nac4 Kxe7 29. Nd2 Rc2 30. Nd3 Rxa2 31. Nb4 Nc3 32. Nxa2 Nxd1 33. Bc5+ Kd7 34. h4 Kc6 35. Be3 Bxa2 36. Bxa7 Ne3 37. Bxe3 Rd8 38. Kf2 Rd3 39. Rc1+ Kd5 40. Ke2 Ra3 41. Ra1 Ra4 42. Rc1 Kd6 43. Bf2 Bd5 44. Bg3+ e5 45. Kd3 f5 46. Nc4+ Bxc4+ 47. Rxc4 Ra3+ 48. Rc3 Ra4 49. Bf2 f4 50. Rb3 g6 51. Rb6+ Kd5 52. Rb7 Ra3+ 53. Kc2 Ra2+ 54. Rb2 Ra3 55. Be1 a5 56. Rb5+ Kc4 57. Rxe5 Ra2+ 58. Kc1 Ra1+ 59. Kd2 Ra2+ 60. Kd1 Ra1+ 61. Ke2 Ra2+ 62. Bd2 a4 63. Re4+ Kb3 64. Rxf4 Rc2 65. Rb4+ Ka3 66. Rb8 Ka2 67. Kd1 1-0


[Site "https://www.chess.com"]

[Event "Titled Tuesday Blitz November 07 Early 2023"]
[White "Ismayilova, Khanim"]
[Black "Pumpkin_in_moonlight"]
[WhiteFideId "13429019"]
[WhiteElo "2129"]
[BlackElo "2327"]
[Result "1-0"]
[Round "4"]
[TimeControl "180+1"]
[Date "2023.11.07"]
[WhiteClock "0:00:22"]
[BlackClock "0:00:02"]
[Board "226"]

1. e4 e5 2. Nf3 Nc6 3. Bc4 Nf6 4. d4 exd4 5. e5 d5 6. Bb5 Ne4 7. Nxd4 Bd7 8. O-O Bc5 9. Be3 Bb6 10. Nxc6 bxc6 11. Bxb6 cxb6 12. Bd3 Qg5 13. Bxe4 dxe4 14. Qd6 O-O-O 15. Kh1 Kb7 16. Nc3 Bh3 17. gxh3 Rxd6 18. exd6 Rd8 19. Rad1 Qf5 20. Rfe1 Qxh3 21. Rxe4 Qf3+ 22. Kg1 Rd7 23. Re7 Rxe7 24. dxe7 Qg4+ 25. Kf1 Qh3+ 26. Kg1 Qg4+ 27. Kf1 Qc4+ 28. Kg1 Qe6 29. Kf1 Qxe7 30. Re1 Qb4 31. Ne4 Qxb2 32. Nd6+ Kc7 33. Nxf7 Qxc2 34. Re7+ Kb8 35. Re8+ Kb7 36. Nd6+ Kc7 37. Nc8 Qc4+ 38. Kg1 Qg4+ 39. Kf1 Qxc8 40. Rxc8+ Kxc8 41. Ke2 Kd7 42. Kd3 Kd6 43. Kd4 c5+ 44. Kc4 Kc6 45. a4 a6 46. f4 b5+ 47. axb5+ axb5+ 48. Kc3 Kd5 49. h4 c4 50. h5 Kc5 51. f5 b4+ 52. Kc2 Kd4 53. h6 b3+ 54. Kc1 gxh6 55. f6 Kc3 56. f7 b2+ 57. Kb1 Kb3 58. f8=Q c3 59. Qb8+ Kc4 60. Qc8+ Kb3 61. Qb8+ Kc4 62. Kc2 h5 63. Qc7+ Kb4 64. Qxc3+ Kb5 65. Qxb2+ Kc4 66. Qc1 Kd5 67. Qh1+ Ke5 68. Qxh5+ 1-0


[Site "https://www.chess.com"]

[Event "Titled Tuesday Blitz November 07 Early 2023"]
[White "Rose, Felix"]
[Black "Fernandez Hernandez, Gerardo"]
[WhiteFideId "5105722"]
[BlackFideId "2207400"]
[WhiteElo "2323"]
[BlackElo "2127"]
[Result "1-0"]
[Round "4"]
[TimeControl "180+1"]
[Date "2023.11.07"]
[WhiteClock "0:00:39"]
[BlackClock "0:00:00"]
[Board "227"]

1. e4 e6 2. d4 d5 3. Nc3 Nc6 4. Nf3 Nf6 5. e5 Ne4 6. a3 Be7 7. Bd3 Nxc3 8. bxc3 Bd7 9. h4 h6 10. h5 Na5 11. Rh3 c5 12. Rg3 c4 13. Bf1 Bf8 14. a4 Qc7 15. Ba3 Bxa3 16. Rxa3 Rg8 17. Ng1 O-O-O 18. f4 f6 19. Nf3 Rdf8 20. Qc1 Be8 21. Rh3 Qe7 22. Be2 Nc6 23. a5 fxe5 24. fxe5 Rf5 25. g4 Rf4 26. a6 b6 27. Qxf4 Qxa3 28. Kd2 Qxa6 29. g5 Qa3 30. gxh6 gxh6 31. Qxh6 Qf8 32. Qxe6+ Kb7 33. Qxd5 Kb8 34. e6 Ne7 35. Qd6+ Kb7 36. Ne5 Bc6 37. Nxc6 Nxc6 38. Qd7+ Kb8 39. Qxc6 Qf4+ 40. Re3 Rg3 41. Qe8+ Kb7 42. Qf7+ Qxf7 43. exf7 1-0


[Site "https://www.chess.com"]

[Event "Titled Tuesday Blitz November 07 Early 2023"]
[White "DonCiao"]
[Black "Zampronha, Wladimir Camilo"]
[BlackFideId "2103087"]
[WhiteElo "2126"]
[BlackElo "2322"]
[Result "1-0"]
[Round "4"]
[TimeControl "180+1"]
[Date "2023.11.07"]
[WhiteClock "0:00:10"]
[BlackClock "0:00:00"]
[Board "228"]

1. c4 Nf6 2. g3 e6 3. Bg2 d5 4. Nf3 Be7 5. O-O O-O 6. b3 c5 7. Bb2 Nc6 8. e3 d4 9. exd4 cxd4 10. Re1 a5 11. Ne5 Nxe5 12. Rxe5 a4 13. bxa4 Qd7 14. Rb5 Rd8 15. d3 Qc7 16. Nd2 Ne8 17. Ne4 f5 18. Nd2 Nd6 19. Re5 Bf6 20. Re2 Bd7 21. Nb3 e5 22. c5 Nf7 23. a5 Kh8 24. Qc2 Be6 25. c6 Bxb3 26. axb3 bxc6 27. Qxc6 Qxc6 28. Bxc6 Ra7 29. b4 Nd6 30. b5 Nc8 31. b6 Re7 32. Ba3 Re6 33. b7 Na7 34. Bg2 e4 35. dxe4 d3 36. Rea2 Bxa1 37. Rxa1 d2 38. Rd1 fxe4 39. Bh3 Ra6 40. Bc8 Rxc8 41. bxc8=Q+ Nxc8 42. Rxd2 g5 43. Rd8+ Kg7 44. Bb2+ Kg6 45. Rxc8 Rxa5 46. Bd4 Rd5 47. Be3 Kf5 48. Kg2 h5 49. h3 h4 50. Rf8+ Kg6 51. Rg8+ Kf7 52. Rxg5 hxg3 53. Rxd5 1-0


[Site "https://www.chess.com"]

[Event "Titled Tuesday Blitz November 07 Early 2023"]
[White "Buscar, Michael"]
[Black "Feliz Dotel, Dewar Bienvenido"]
[WhiteFideId "2603616"]
[BlackFideId "6402801"]
[WhiteElo "2318"]
[BlackElo "2121"]
[Result "1/2-1/2"]
[Round "4"]
[TimeControl "180+1"]
[Date "2023.11.07"]
[WhiteClock "0:00:11"]
[BlackClock "0:00:37"]
[Board "229"]

1. e4 e5 2. Nf3 Nc6 3. Bb5 Nf6 4. O-O Nxe4 5. Re1 Nd6 6. Nxe5 Be7 7. Nxc6 dxc6 8. Bf1 O-O 9. d4 Ne8 10. Nc3 Bf5 11. Ne4 Bxe4 12. Rxe4 Nf6 13. Re1 Bd6 14. c4 c5 15. d5 Qd7 16. b3 Rfe8 17. Bb2 Qf5 18. Qd2 Ng4 19. g3 Qh5 20. h3 Ne5 21. Bg2 Nf3+ 22. Bxf3 Qxf3 23. Qc3 Qxc3 24. Bxc3 f6 25. h4 Kf7 26. f4 h5 27. Kf2 a6 28. Rxe8 Rxe8 29. Re1 Rxe1 30. Kxe1 Kg6 31. Ke2 Kf5 32. Kf3 g5 33. hxg5 fxg5 34. fxg5 Kxg5 35. Bd2+ Kf5 36. Be3 b6 37. Bd2 Be5 38. Bh6 Bd6 39. Bg7 Kg6 40. Bc3 Kf5 41. Bb2 a5 42. Bc3 Kg5 43. Bd2+ Kf5 44. Bc3 Kg5 45. Bd2+ Kf5 46. Bc3 1/2-1/2


[Site "https://www.chess.com"]

[Event "Titled Tuesday Blitz November 07 Early 2023"]
[White "ChessDojo"]
[Black "Minina, Veronika"]
[BlackFideId "4174780"]
[WhiteElo "2120"]
[BlackElo "2314"]
[Result "0-1"]
[Round "4"]
[TimeControl "180+1"]
[Date "2023.11.07"]
[WhiteClock "0:02:02"]
[BlackClock "0:01:11"]
[Board "230"]

1. d4 Nf6 2. c4 g6 3. Nc3 Bg7 4. e4 d6 5. f3 O-O 6. Be3 c5 7. Bd3 Nc6 8. Nge2 cxd4 9. Nxd4 a5 10. O-O Nd7 11. Be2 Qb6 12. Nf5 Qxb2 13. Nxg7 Qxc3 14. Bh6 Qd4+ 15. Kh1 Qxd1 16. Rfxd1 Nc5 17. f4 Nxe4 18. Bd3 Nf2+ 19. Kg1 Nxd1 20. Rxd1 a4 21. c5 dxc5 22. Bc4 Nd4 23. h4 Bg4 24. Re1 e6 25. h5 Rfd8 26. hxg6 hxg6 27. Re4 b5 0-1


[Site "https://www.chess.com"]

[Event "Titled Tuesday Blitz November 07 Early 2023"]
[White "Yushko, Olga"]
[Black "Ardila, Oscar Humberto"]
[WhiteFideId "14114500"]
[BlackFideId "4404742"]
[WhiteElo "2078"]
[BlackElo "2308"]
[Result "0-1"]
[Round "4"]
[TimeControl "180+1"]
[Date "2023.11.07"]
[WhiteClock "0:00:17"]
[BlackClock "0:00:17"]
[Board "231"]

1. d4 Nf6 2. c4 e6 3. Nc3 Bb4 4. Qc2 d5 5. cxd5 exd5 6. Nf3 O-O 7. Bg5 c6 8. e3 h6 9. Bh4 Bg4 10. Ne5 Be6 11. Bd3 Nbd7 12. O-O Qa5 13. Nxd7 Nxd7 14. a3 Bd6 15. b4 Qc7 16. Bg3 Bxg3 17. hxg3 Qd6 18. Na4 b6 19. Rfc1 Rac8 20. Qe2 c5 21. bxc5 bxc5 22. dxc5 Nxc5 23. Nxc5 Rxc5 24. Rxc5 Qxc5 25. Qb2 Rc8 26. Rd1 Qc3 27. Qxc3 Rxc3 28. a4 Ra3 29. Bb5 Kf8 30. Rc1 a6 31. Bxa6 Rxa4 32. Bb7 Ke7 33. Rd1 Kd6 34. Rc1 Rb4 35. Bc8 Rb2 36. Bxe6 fxe6 37. Kf1 Ke5 38. Rc7 g6 39. Rh7 h5 40. Rg7 Kf6 41. Rg8 Rc2 42. Ke1 Ra2 43. Rf8+ Ke7 44. Rg8 Kf7 45. Rc8 Ra4 46. Ke2 Rb4 47. Rc7+ Kf6 48. Rc8 Rb7 49. Rf8+ Kg7 50. Re8 Kf7 51. Rc8 Re7 52. Kf3 Kg7 53. Kf4 Rf7+ 54. Kg5 Rf5+ 55. Kh4 Rxf2 56. Kh3 Re2 57. Rc7+ Kf6 58. Rc8 Rxe3 59. Rf8+ Ke7 60. Kh4 d4 61. Rf2 d3 62. Rd2 e5 63. Kg5 Rxg3+ 64. Kh6 e4 65. Rd1 Rxg2 66. Kg7 h4 67. Rh1 d2 68. Kh6 e3 0-1


[Site "https://www.chess.com"]

[Event "Titled Tuesday Blitz November 07 Early 2023"]
[White "Barbot, Pierre"]
[Black "Djordjevic, Dejan N"]
[WhiteFideId "663727"]
[BlackFideId "913316"]
[WhiteElo "2304"]
[BlackElo "2060"]
[Result "1-0"]
[Round "4"]
[TimeControl "180+1"]
[Date "2023.11.07"]
[WhiteClock "0:00:04"]
[BlackClock "0:00:00"]
[Board "232"]

1. e4 c5 2. Nc3 Nc6 3. Bb5 g6 4. Bxc6 dxc6 5. d3 Bg7 6. f4 Nf6 7. Nf3 b6 8. O-O O-O 9. h3 Qc7 10. Be3 Rd8 11. Qe2 a5 12. Rae1 Nh5 13. Qd2 Bh6 14. Ne5 Bg7 15. Nf3 a4 16. g4 Nf6 17. Ne2 Nxe4 18. Qc1 Nf6 19. Ng3 Be6 20. a3 Nd5 21. Bd2 b5 22. Ng5 Bc8 23. N3e4 c4 24. dxc4 bxc4 25. f5 h6 26. Nxf7 Kxf7 27. Bxh6 Rh8 28. fxg6+ Kg8 29. Bxg7 Kxg7 30. Kg2 Be6 31. Ng5 Bg8 32. Rf3 Rf8 33. Ref1 Rxf3 34. Rxf3 Qe5 35. Nf7 Rh6 36. Nxe5 c3 37. bxc3 Nxc3 38. Qf1 Bd5 39. g5 1-0


[Site "https://www.chess.com"]

[Event "Titled Tuesday Blitz November 07 Early 2023"]
[White "abelmat"]
[Black "Davidson, Kevin"]
[BlackFideId "2056810"]
[WhiteElo "1975"]
[BlackElo "2303"]
[Result "0-1"]
[Round "4"]
[TimeControl "180+1"]
[Date "2023.11.07"]
[WhiteClock "0:00:00"]
[BlackClock "0:00:35"]
[Board "233"]

1. d4 Nf6 2. c4 g6 3. Nc3 Bg7 4. e4 d6 5. f3 O-O 6. Be3 Nc6 7. Nge2 a6 8. Qd2 Rb8 9. O-O-O b5 10. g4 bxc4 11. Bh6 Nb4 12. Ng3 c5 13. Bxg7 Kxg7 14. h4 cxd4 15. Qxd4 Qb6 16. Qd2 Be6 17. h5 Rfc8 18. a3 Nd3+ 19. Bxd3 cxd3 20. hxg6 fxg6 21. g5 Nd7 22. Rh6 Ne5 23. Rdh1 Bg8 24. f4 Nc4 25. Qh2 Qxb2+ 26. Qxb2 Rxb2 27. f5 Rc2+ 28. Kd1 Rxc3 29. f6+ exf6 30. gxf6+ Kxf6 31. Rf1+ Kg7 32. Rh3 Ne3+ 33. Kd2 Nxf1+ 34. Ke1 Nxg3 35. Rxg3 d2+ 0-1


[Site "https://www.chess.com"]